 Dungeon Crawl Stone Soup version 0.31-a0-4-gefa6de2278 (webtiles) character file.

Game seed: 54824289745613660

48 subawu the Chopper (level 3, -7/33 HPs)
             Began as a Hill Orc Monk on May 4, 2023.
             Mangled by an orc
             ... wielding a +1 trident of distortion
              (24 damage)
             ... on level 3 of the Dungeon.
             The game lasted 00:08:55 (2207 turns).

subawu the Chopper (Hill Orc Monk)                  Turns: 2207, Time: 00:08:56

Health: -7/33      AC:  8    Str: 13    XL:     3   Next: 72%
Magic:  12/12      EV:  7    Int: 12    God:
Gold:   116        SH:  0    Dex: 13    Spells: 2/2 levels left

rFire   . . .        a - +0 hand axe
rCold   . . .        d - orb {light}
rNeg    . . .        l - +0 chain mail
rPois   .            (no helmet)
rElec   .            (no cloak)
rCorr   .            (no gloves)
SInv    .            (no boots)
Will    .....        p - amulet of magic regeneration Stlth
                     v - ring of magical power
HPRegen 0.25/turn    (no ring)
MPRegen 0.53/turn

%: no passive effects
@: glowing
A: no striking features
a: no special abilities


You were on level 3 of the Dungeon.
You visited 1 branch of the dungeon, and saw 3 of its levels.

You collected 116 gold pieces.

Inventory:

Hand Weapons
 a - a +0 hand axe (weapon)
 i - a +0 spear
 q - a +0 sling
 t - a +0 arbalest
Missiles
 j - 31 stones (quivered)
Armour
 b - a +0 robe
 d - an orb of light (worn)
 k - a +0 leather armour
 l - a +0 chain mail (worn)
Jewellery
 p - an amulet of magic regeneration (around neck)
 v - a ring of magical power (left hand)
Wands
 x - a wand of polymorph (3)
Scrolls
 e - a scroll of noise {unknown}
 h - 5 scrolls of teleportation {unknown}
 m - a scroll of brand weapon {unknown}
 s - a scroll of immolation {unknown}
 u - a scroll of silence {unknown}
 w - a scroll of magic mapping {unknown}
Potions
 c - a potion of ambrosia
 f - 3 potions of curing {unknown}
 g - 3 potions of brilliance {unknown}
 n - a potion of lignification {unknown}
 o - a potion of attraction {unknown}
 r - a potion of flight {unknown}


   Skills:
 + Level 4.2 Fighting
 + Level 5.1 Axes
 + Level 0.2 Armour
 + Level 2.8 Dodging


You had 2 spell levels left.
You didn't know any spells.
Your spell library contained the following spells:

 Spells                   Type           Power      Damage    Failure   Level
 Sandblast                Erth           0%         2d4       100%        1
 Slow                     Hex            0%         N/A       100%        1
 Passwall                 Tmut/Erth      0%         N/A       100%        2
 Confusing Touch          Hex            0%         N/A       100%        3
 Stone Arrow              Conj/Erth      0%         3d7       100%        3
 Vampiric Draining        Necr           0%         2d6       100%        3


Dungeon Overview and Level Annotations

Branches:
Dungeon (3/15)

Altars:


Message History

You kill the orc!
The orc hits you with a +4 vampiric short sword.
You see here a +0 dagger.
You hit the orc.
The orc is heavily wounded.
The orc hits you but does no damage. x2; Space warps around you.
You hit the orc.
The orc is severely wounded.
The orc hits you from afar with a +1 trident of distortion!
Space warps around you.
The orc hits you with a +4 vampiric short sword.
* * * LOW HITPOINT WARNING * * *
The orc draws strength from your wounds!
You hit the orc.
The orc is severely wounded.
The orc hits you from afar with a +1 trident of distortion.
* * * LOW HITPOINT WARNING * * *
The orc hits you but does no damage.
An orc comes into view. It is wielding a +0 flail.
You hit the orc.
You kill the orc!
The orc barely misses you. The orc hits you but does no damage.
You blink.
There is a stone staircase leading up here.
A frilled lizard comes into view.
The frilled lizard hisses angrily.
The frilled lizard bites you but does no damage.
The frilled lizard bites you but does no damage.
You hit the frilled lizard but do no damage.
The frilled lizard barely misses you.
You hit the frilled lizard.
You kill the frilled lizard!
Found an escape hatch in the floor.
You hit the orc.
The orc is heavily wounded.
The orc hits you but does no damage. x2
You hit the orc.
You kill the orc!
The orc hits you but does no damage. Space warps horribly around you!!
Ouch! That really hurt!
You die...

##### #.#
..... #>#
##### #.# #.#
#.# #.# #.###
#@).# ###o#
#.# ..##.# #.#
#.##.# #.#
#.##.#
#.####### #
#.##.#
#.####........
#####.##.#
#......#######
##.......#
######.#


You could see an orc.

Vanquished Creatures
  2 worms (D:2)
  3 dart slugs
  3 orcs (D:3)
  4 endoplasms
  A giant cockroach (D:2)
  3 goblins
  3 hobgoblins (D:1)
  A quokka (D:2)
  3 ball pythons (D:2)
  6 bats
  3 frilled lizards
  A kobold (D:2)
  3 rats
36 creatures vanquished.

Vanquished Creatures (others)
  11 plants
11 creatures vanquished.

Grand Total: 47 creatures vanquished

Notes
Turn   | Place    | Note
-------+----------+-------------------------------------------
     0 | D:1      | subawu the Hill Orc Monk began the quest for the Orb.
     0 | D:1      | Reached XP level 1. HP: 19/19 MP: 1/1
    44 | D:1      | Reached XP level 2. HP: 19/27 MP: 2/2
  1188 | D:2      | Reached XP level 3. HP: 32/33 MP: 3/3
  1926 | D:2      | Reached skill level 5 in Axes
  2207 | D:3      | Mangled by an orc

Illustrated notes

Levels and vault maps discovered:
D:1:      eino_arrival_water_cross, layout_loops_cross
D:2:      layout_basic, serial_bayou_pond_a
D:3:      layout_loops_ring, shapermc_ecumenical_altar_mp_vishouse,
          roderic_roman_lattice, uniq_pargi, uniq_jessica

Skill      XL: |  1  2  3 |
---------------+----------+-----
Fighting       | 4 |  4.2
Axes           | 5 |  5.1
Armour         | |  0.2
Dodging        | |  2.8

Action                     || total
---------------------------++-------
  Melee: Hand axe          ||   110
 Armour: Robe              ||    29
         Chain mail        ||    39
  Dodge: Dodged            ||    71

Table legend: (Time is in decaauts)
 A = Elapsed time spent in this place.
 B = Non-inter-level travel time spent in this place.
 C = Inter-level travel time spent in this place.
 D = Time resting spent in this place.
 E = Time spent auto-exploring this place.
 F = Levels seen in this place.
 G = Mean time per level.
                   A        B        C        D        E       F      G
               +--------+--------+--------+--------+--------+-----+--------+
         Total |   2224 |   2088 |    136 |      0 |      0 |   3 |  741.3 |
       Dungeon |   2224 |   2088 |    136 |      0 |      0 |   3 |  741.3 |
               +--------+--------+--------+--------+--------+-----+--------+

Top non-repeatable levels by time:
     D:2: 1208 daAuts
     D:1: 921 daAuts
     D:3: 95 daAuts
